 Dungeon Crawl Stone Soup version 0.30-a0-250-g41c1d76940 (webtiles) character file.

Game seed: 15025987902323524665

47 funkygono the Firebug (level 3, -2/19 HPs)
             Began as a Gargoyle Fire Elementalist on Oct 12, 2022.
             Slain by a gnoll
             ... wielding a +0 spear
              (8 damage)
             ... on level 2 of the Dungeon.
             The game lasted 00:01:32 (1180 turns).

funkygono the Firebug (Gargoyle Fire Elementalist)  Turns: 1180, Time: 00:01:32

Health: -2/19      AC:  5    Str: 11    XL:     3   Next: 70%
Magic:  4/6        EV: 12    Int: 17    God:
Gold:   63         SH:  0    Dex: 10    Spells: 1/7 levels left

rFire   . . .      SeeInvis .    d - +0 club
rCold   . . .      Faith    .    (no shield)
rNeg    + . .      Spirit   .    a - +0 robe
rPois   ∞          Reflect  .    (no helmet)
rElec   +          Harm     .    (no cloak)
rCorr   .          Rampage  .    (no gloves)
Will    +....                    (no boots)
Stlth   ++........               (no amulet)
HPRegen 0.23/turn                e - ring of willpower
MPRegen 0.10/turn                (no ring)

@: no status effects
A: sickness immunity, AC +3, negative energy resistance 1, electricity
resistance, torment resistance 1, petrification resistance
a: no special abilities


You were on level 2 of the Dungeon.
You visited 1 branch of the dungeon, and saw 2 of its levels.

You collected 63 gold pieces.

Inventory:

Hand Weapons
 d - a +0 club (weapon)
Armour
 a - a +0 robe (worn)
Jewellery
 e - a ring of willpower (left hand)
 i - an amulet of regeneration
Scrolls
 c - a scroll of teleportation {unknown}
 g - 5 scrolls of identify {unknown}
Potions
 b - a potion of magic
 f - 2 potions of curing {unknown}
 h - a potion of haste {unknown}
 j - a potion of flight {unknown}
 k - 2 potions of resistance {unknown}


   Skills:
 + Level 1.9 Dodging
 - Level 2.1 Stealth
 + Level 2.6 Spellcasting
 + Level 1.2 Conjurations
 + Level 3.8 Fire Magic


You had one spell level left.
You knew the following spells:

 Your Spells              Type           Power      Damage    Failure   Level
a - Foxfire               Conj/Fire      40%        2x1d6     6%          1
b - Scorch                Fire           30%        2d7       5%          2
c - Kindle Blastsparks    Fire/Tloc/Air  12%        2d11      32%         3

Your spell library contained the following spells:

 Spells                   Type           Power      Damage    Failure   Level
 Inner Flame              Hex/Fire       8%         N/A       26%         3
 Flame Wave               Conj/Fire      10%        2d6       54%         4


Dungeon Overview and Level Annotations

Branches:
Dungeon (2/15)

Altars:
Cheibriados


Innate Abilities, Weirdness & Mutations

You are immune to sickness and miasma.
Your stone body is resilient. (AC +3)
You are immune to poison.
You resist negative energy. (rN+)
You are resistant to electric shocks. (rElec)
You are resistant to unholy torment.
You are immune to petrification.


Message History

The gnoll is severely wounded.
The foxfire hits the gnoll.
You kill the gnoll!
The gnoll throws a throwing net.
The throwing net hits you.
You become entangled in the net!
You see here a throwing net.
You tear a large gash into the net.
You struggle against the net.
You shred the net and break free!
The gnoll hits you from afar with a +0 spear.
The gnoll shouts!
Casting: Foxfire (safe; 6% risk of failure)
Confirm with . or Enter, or press ? or * to list all spells.
You miscast Foxfire.
You are very lightly contaminated with residual magic.
Nothing appears to happen.
The gnoll hits you from afar with a +0 spear.
Casting: Foxfire (safe; 6% risk of failure)
Confirm with . or Enter, or press ? or * to list all spells.
You conjure some foxfire!
The gnoll hits you from afar with a +0 spear!
* * * LOW HITPOINT WARNING * * *
Casting: Foxfire (safe; 6% risk of failure)
Confirm with . or Enter, or press ? or * to list all spells.
You conjure some foxfire!
The foxfire hits the gnoll.
The gnoll is lightly wounded.
The foxfire hits the gnoll.
The gnoll is heavily wounded.
The gnoll barely misses you.
The gnoll hits you from afar with a +0 spear.
* * * LOW HITPOINT WARNING * * *
The foxfire hits the gnoll.
The gnoll is severely wounded.
The foxfire hits the gnoll.
The gnoll is heavily wounded.
Your magical contamination has completely faded away.
The gnoll hits you from afar with a +0 spear.
* * * LOW HITPOINT WARNING * * *
The gnoll hits you from afar with a +0 spear!
You die...

##..._..#########.............#.#
.......g.##.....'.............#.#
........g...#####.............#.#
..#########.# #.............#..
..# ###.######.#'############ ..#
#..g..##...#.######### ..#
#.....#....#.#........ ..#
#.....#..#.#.#........ ..#
#...g.#.@#.#.#........ ..#
#.....#..#.#.'........ ..#
......##g..#.###........
######...#.#<..+........
#.###.#.#.#........ #.
#.#...+........ # #.#####........
#.............# ##.....########


You could see a gnoll.

Vanquished Creatures
  A gnoll (D:2)
  An adder (D:2)
  A dart slug (D:2)
  An orc (D:2)
  2 ball pythons (D:1)
  2 bats (D:1)
  4 endoplasms
  A goblin (D:1)
  A hobgoblin (D:1)
  2 jackals (D:1)
  2 quokkas (D:1)
  A frilled lizard (D:1)
  3 kobolds (D:1)
  2 rats (D:1)
24 creatures vanquished.

Vanquished Creatures (others)
  57 foxfires
57 creatures vanquished.

Grand Total: 81 creatures vanquished

Notes
Turn   | Place    | Note
-------+----------+-------------------------------------------
     0 | D:1      | funkygono the Gargoyle Fire Elementalist began the quest
                  | for the Orb.
     0 | D:1      | Reached XP level 1. HP: 10/10 MP: 3/3
   136 | D:1      | Reached XP level 2. HP: 13/15 MP: 3/5
   139 | D:1      | Learned a level 2 spell: Scorch
   354 | D:1      | Found a faded altar of an unknown god.
   868 | D:2      | Reached XP level 3. HP: 19/19 MP: 3/6
   872 | D:2      | Learned a level 3 spell: Kindle Blastsparks
  1094 | D:2      | Found a snail-covered altar of Cheibriados.
  1180 | D:2      | Slain by a gnoll

Illustrated notes

Levels and vault maps discovered:
D:1:      psy_arrival_whirlpool, layout_loops_ring,
          chequers_ecumenical_altar_island
D:2:      layout_basic, basic_altar, uniq_crazy_yiuf_cottage

Action                   || total
-------------------------++-------
Melee: Club              ||    10
 Cast: Foxfire           ||    34
       Scorch            ||     2
Armor: Robe              ||     5
Dodge: Dodged            ||     8

Table legend: (Time is in decaauts)
 A = Elapsed time spent in this place.
 B = Non-inter-level travel time spent in this place.
 C = Inter-level travel time spent in this place.
 D = Time resting spent in this place.
 E = Time spent auto-exploring this place.
 F = Levels seen in this place.
 G = Mean time per level.
                   A        B        C        D        E       F      G
               +--------+--------+--------+--------+--------+-----+--------+
         Total |   1187 |   1178 |      9 |      0 |    993 |   2 |  593.5 |
       Dungeon |   1187 |   1178 |      9 |      0 |    993 |   2 |  593.5 |
               +--------+--------+--------+--------+--------+-----+--------+

Top non-repeatable levels by time:
     D:1: 855 daAuts
     D:2: 331 daAuts
